 Dungeon Crawl Stone Soup version 0.30.1-9-gdf580d7c3d (webtiles) character file.

Game seed: 15579591605536193821

414 Ivernyr the Ruffian (level 6, -8/52 HPs)
             Began as a Ghoul Gladiator on Oct 4, 2023.
             Mangled by an iguana (11 damage)
             ... on level 5 of the Dungeon.
             The game lasted 00:08:55 (4226 turns).

Ivernyr the Ruffian (Ghoul Gladiator)               Turns: 4226, Time: 00:08:56

Health: -8/52      AC:  4    Str: 20    XL:     6   Next: 91%
Magic:  5/5        EV: 12    Int:  3    God:
Gold:   235        SH:  0    Dex: 10    Spells: 5/5 levels left

rFire   . .          .
                       - Unarmed
rCold   + . .        (no shield)
rNeg    + + +        a - +0 leather armour
rPois   ∞            b - +0 helmet
rElec   .            (no cloak)
rCorr   .            (no gloves)
SInv    .            (no boots)
Will    .....        (no amulet)
Stlth   +            (no ring)
HPRegen 0.00/turn    (no ring)
MPRegen 0.09/turn

%: no passive effects
@: inhibited regen
A: claws 1, cold resistance 1, negative energy resistance 3, inhibited
regeneration, torment resistance 2, devour on kill
a: no special abilities


You were on level 5 of the Dungeon.
You visited 1 branch of the dungeon, and saw 5 of its levels.

You collected 235 gold pieces.

Inventory:

Missiles
 c - 3 throwing nets (quivered)
 d - 5 javelins
Armour
 a - a +0 leather armour (worn)
 b - a +0 helmet (worn)
 f - a +0 kite shield
Jewellery
 t - a ring of see invisible
Wands
 p - a wand of digging (3)
Scrolls
 e - a scroll of fog {unknown}
 g - 6 scrolls of immolation
 h - 5 scrolls of teleportation
 i - 3 scrolls of magic mapping
 j - a scroll of enchant weapon
 k - a scroll of amnesia
 s - a scroll of poison
 u - 3 scrolls of fear {unknown}
Potions
 l - 3 potions of magic {unknown}
 m - a potion of flight {unknown}
 n - a potion of mutation {unknown}
 o - a potion of resistance {unknown}
 q - 2 potions of curing {unknown}
 r - a potion of brilliance {unknown}


   Skills:
 + Level 4.0 Fighting
 - Level 1.7 Throwing
 + Level 2.4 Armour
 + Level 3.1 Dodging
 - Level 2.0 Shields
 * Level 5.8 Unarmed Combat


You had 5 spell levels left.
You didn't know any spells.
Your spell library contained the following spells:

 Spells                   Type           Power      Damage    Failure   Level
 Apportation              Tloc           0%         N/A       56%         1
 Magic Dart               Conj           0%         1d3       56%         1
 Cigotuvi's Dreadful Rot  Necr/Pois/Air  0%         N/A       71%         2
 Ensorcelled Hibernation  Hex/Ice        0%         N/A       71%         2
 Searing Ray              Conj           0%         2d4       71%         2
 Ozocubu's Armour         Ice            0%         N/A       91%         3
 Vhi's Electric Charge    Tloc/Air       0%         N/A       91%         3
 Volatile Blastmotes      Fire/Tloc      0%         2d10      91%         3
 Anguish                  Hex/Necr       0%         N/A       100%        4
 Dispel Undead            Necr           0%         3d6       100%        4
 Fulminant Prism          Conj/Hex       0%         3d5       100%        4
 Iskenderun's Mystic Bla  Conj/Tloc      0%         2d3       100%        4
 Alistair's Intoxication  Tmut/Pois      0%         N/A       100%        5
 Arcjolt                  Conj/Air       0%         1d10      100%        5
 Lee's Rapid Deconstruct  Erth           0%         3d4*      100%        5
 Death Channel            Necr           0%         N/A       100%        6
 Ozocubu's Refrigeration  Ice            0%         4d7       100%        7
 Maxwell's Capacitive Co  Air            0%         ∞         100%        8
 Spider Form              Tmut/Pois      Unusable   N/A       N/A         3

Dungeon Overview and Level Annotations

Branches:
Dungeon (5/15)
 Temple: D:4-7

Altars:
Nemelex Xobeh
Trog

Portals:
Ossuary: D:5


Innate Abilities, Weirdness & Mutations

You are immune to poison.
You have sharp fingernails.
Your flesh is cold resistant. (rC+)
You are immune to negative energy. (rN+++)
You do not regenerate when monsters are visible.
You are immune to unholy pain and torment.
You thrive by killing the living.


Message History

The shadow imp misses you. The scorpion barely misses you.
You scratch the shadow imp.
The shadow imp is almost dead.
The shadow imp hits you. The orc hits you with a +0 dagger.
The scorpion stings you.
You closely miss the shadow imp.
The shadow imp is almost dead.
The iguana bites you!
The shadow imp disappears for a moment.
The shadow imp hits you but does no damage.
The orc hits you with a +0 dagger. The scorpion stings you.
You scratch the shadow imp.
You kill the shadow imp!
The scorpion barely misses you. The orc hits you with a +0 dagger.
The iguana bites you!
An orc comes into view. It is wielding a +0 short sword.
An orc comes into view. It is wielding a +0 mace.
Your Fighting skill increases to level 4!
The scorpion attacks as you move away! The scorpion closely misses you.
The orc attacks as you move away! The orc hits you with a +0 dagger.
The scorpion attacks as you move away! The scorpion barely misses you.
The orc attacks as you move away! The orc hits you with a +0 dagger.
The iguana attacks as you move away! The iguana barely misses you.
The orc shouts! x2
The orc hits you but does no damage.
An orc comes into view. It is wielding a +0 club.
The scorpion stings you.
You claw the orc!
You kill the orc!
The iguana bites you!
* * * LOW HITPOINT WARNING * * *
Things that are here:
a +0 dagger; a +0 ring mail; an orc corpse You hear the slow hiss of an avalanche of sand.
You completely miss the iguana. The iguana bites you!
* * * LOW HITPOINT WARNING * * *
You claw the iguana!
The iguana is severely wounded.
The iguana bites you!
You die...

.....o....#
..........#
.......∩..#
.........$#
..........####
........os.os#
..####.#####o#
# #. #l# #.
#@# ##
#.##########
#.#........#
#.#.#####.##
#.#.#...#.#
#.#..<..#.#
#.#######.##
#..........#
############


You could see a scorpion, an iguana and 2 orcs.

Vanquished Creatures
  A scorpion (D:3)
  2 hounds (D:4)
  A jelly (D:4)
  Ijyb (D:3)
  An orc wizard (D:4)
  Robin (D:3)
  3 gnolls (D:4)
  3 adders
  A shadow imp (D:5)
  2 worms
  A dart slug (D:1)
  10 orcs
  12 endoplasms
  5 giant cockroaches
  19 goblins
  10 hobgoblins
  6 jackals (D:1)
  9 kobolds
  6 quokkas
  3 ball pythons
  8 bats
  3 frilled lizards
  10 rats
118 creatures vanquished.

Notes
Turn   | Place    | Note
-------+----------+-------------------------------------------
     0 | D:1      | Ivernyr the Ghoul Gladiator began the quest for the Orb.
     0 | D:1      | Reached XP level 1. HP: 17/17 MP: 0/0
   135 | D:1      | Reached XP level 2. HP: 23/25 MP: 1/1
   300 | D:1      | Reached XP level 3. HP: 30/30 MP: 2/2
   546 | D:1      | Reached skill level 4 in Unarmed Combat
   644 | D:1      | Reached skill level 1 in Armour
   859 | D:2      | Found a faded altar of an unknown god.
  1081 | D:2      | Reached XP level 4. HP: 37/37 MP: 3/3
  1696 | D:3      | Noticed Robin
  1876 | D:3      | Killed Robin
  1877 | D:3      | Reached skill level 1 in Shields
  1971 | D:3      | Reached XP level 5. HP: 39/45 MP: 4/4
  2168 | D:3      | Reached skill level 5 in Unarmed Combat
  2417 | D:3      | Noticed Ijyb
  2433 | D:3      | Killed Ijyb
  2434 | D:3      | Reached XP level 6. HP: 43/51 MP: 5/5
  2546 | D:3      | Found a bloodstained altar of Trog.
  4111 | D:4      | Found a sparkling altar of Nemelex Xobeh.
  4173 | D:5      | Entered Level 5 of the Dungeon
  4202 | D:5      | Found a sand-covered staircase.
  4226 | D:5      | Mangled by an iguana

Illustrated notes

Levels and vault maps discovered:
D:1:      matt_arrival_refuge, layout_loops_ring, minmay_misc_feat_columns
D:2:      layout_basic, ebering_ecumenical_altar_webs
D:3:      minmay_inner_zag, layout_basic, zin_scriptorium, lemuel_tele_altar,
          minmay_unequal, uniq_ijyb, uniq_robin
D:4:      layout_loops_ring, nemelex_diamond_rough_becter
D:5:      layout_basic, enter_ossuary_1, kennysheep_small_spiral

Skill      XL: |  1  2  3  4  5  6 |
---------------+-------------------+-----
Unarmed Combat | 4 5 |  5.8
Armour         | 1 2 |  2.4
Fighting       | 3 4 |  4.0
Shields        | 1 2 |  2.0
Dodging        | 3 |  3.1
Throwing       | |  1.7

Action                     |  1- 3 |  4- 6 || total
---------------------------+-------+-------++-------
  Melee: Unarmed           |   141 |   245 ||   386
         Punch             |     3 |     2 ||     5
  Evoke: Wand              |       |     1 ||     1
    Use: Scroll            |       |     6 ||     6
   Stab: Sleeping          |       |     1 ||     1
 Armour: Leather armour    |    44 |    73 ||   117
  Dodge: Dodged            |    72 |   127 ||   199
  Block: Kite shield       |    16 |    71 ||    87
